 Dungeon Sprint DCSS version 0.29-a0-359-g541a27f54d (webtiles) character file.

Game seed: 6726981805074638461

885 Zeldest the Grappler (level 8, -5/49 HPs)
             Began as a Vine Stalker Fighter on Apr 27, 2022.
             Was an Initiate of Jiyva.
             Shot with an arrow by a centaur warrior (14 damage)
             ... in the Dungeon (Sprint IX: "|||||||||||||||||||||||||||||").
             The game lasted 00:02:52 (249 turns).

Zeldest the Grappler (Vine Stalker Fighter)          Turns: 249, Time: 00:02:53

Health: -5/49      AC:  9    Str: 20    XL:     8   Next: 5%
Magic:  0/9        EV: 12    Int:  8    God:    Jiyva [......]
Gold:   0          SH:  5    Dex: 15    Spells: 7/7 levels left

rFire   . . .      SeeInvis .     - Unarmed
rCold   . . .      Faith    .   b - +0 buckler
rNeg    . . .      Spirit   +   c - +0 acid dragon scales
rPois   .          Reflect  .   m - +0 helmet
rElec   .          Harm     .   l - +0 cloak
rCorr   +          Rampage  .   (no gloves)
Will    +....      NoTele   +   (no boots)
Stlth   +.........              (no amulet)
HPRegen 0.96/turn               p - +2 ring of evasion
MPRegen 0.11/turn               (no ring)

@: mighty, invisible (expiring)
A: fangs 3, regeneration 1, magic shield, antimagic bite, no potion heal 2
a: Renounce Religion


You were in the Dungeon.
You worshipped Jiyva.
Jiyva was noncommittal.
You visited 1 branch

Inventory:

Armour
 a - a +0 scale mail
 b - a +0 buckler (worn)
 c - +0 acid dragon scales (worn)
 l - a +0 cloak (worn)
 m - a +0 helmet (worn)
 n - a +1 scale mail
Jewellery
 o - a +3 ring of intelligence
 p - a +2 ring of evasion (left hand)
Wands
 k - a wand of acid (8)
Scrolls
 h - 2 scrolls of blinking
 j - 2 scrolls of amnesia
Potions
 e - a potion of haste
 f - 4 potions of magic
 g - a potion of berserk rage
 i - 4 potions of curing


   Skills:
 + Level 9.3 Fighting
 - Level 3.3 Armour
 - Level 3.7 Shields
 + Level 10.3 Unarmed Combat
 + Level 8.3 Evocations


You had 7 spell levels left.
You didn't know any spells.
Your spell library was empty.

Dungeon Overview and Level Annotations

Branches:
Dungeon (1/1)

Altars:
Cheibriados
Dithmenos
Elyvilon
Fedhas
Gozag
Hepliaklqana
Kikubaaqudgha
Makhleb
Nemelex Xobeh
Okawaru
Qazlal
Ru
Sif Muna
Trog
Uskayaw
Vehumet
Wu Jian
Xom
Yredelemnul
Zin
The Shining One
Beogh
Jiyva
Lugonu


Innate Abilities, Weirdness & Mutations

You have razor-sharp teeth.
Your natural rate of healing is unusually fast.
When hurt, damage is shared between your health and your magic reserves.
Your bite disrupts and absorbs the magic of your enemies.
Potions cannot restore your health.


Message History

The centaur warrior shouts!
There is an open door here.
The centaur warrior unwields a +0 long sword.
The centaur warrior wields a +0 shortbow.
The centaur warrior shoots an arrow.
The arrow hits the cyclops!
The troll shouts!
You catch the helpless troll completely off-guard!
You punch the troll!
The troll is heavily wounded.
The centaur warrior shoots an arrow.
The arrow hits the cyclops!!
You completely miss the troll.
The troll is moderately wounded.
You flicker for a moment.
The troll barely misses you. You block the troll's attack. The troll claws you.
You closely miss the troll. Your bite misses the troll.
The troll is moderately wounded.
The centaur warrior shoots an arrow.
The arrow hits the cyclops!
The cyclops dies!
You catch the helpless troll completely off-guard!
You punch the troll! You bite the troll! You drain its power.
You feel invigorated.
The troll is almost dead.
The centaur warrior shoots an arrow.
The arrow barely misses the troll.
The arrow hits you! You block the troll's attack. x2
The troll claws you but does no damage.
The centaur warrior shoots an arrow.
The arrow hits the troll!!
The troll dies!
The troll leather armour is intact enough to wear.
Your Fighting skill increases to level 9!
Your Unarmed Combat skill increases to level 10!
Your Evocations skill increases to level 8!
You have reached level 8!
You feel agile.
Your teeth grow very long and razor-sharp.
The centaur warrior shoots an arrow.
The arrow hits you!
* * * LOW HITPOINT WARNING * * *
Things that are here:
a +0 troll leather armour; a troll corpse The centaur warrior shoots an arrow.
The arrow hits you!
You die...

▓.▓
▓.▓
▓.▓
▓.▓
▓'▓
▓.▓
▓.▓
▓[▓
▓@▓
▓c▓
▓B▓
▓+▓


You could see a boulder beetle (wandering, can't see you) and a centaur warrior
(can't see you).

Vanquished Creatures
  A hornet (D)
  A steam dragon (D)
  2 acid dragons (D)
  A centaur (D)
  2 adders (D)
  A shadow imp (D)
  An orc (D)
  A ball python (D)
  2 endoplasms (D)
  A giant cockroach (D)
  A quokka (D)
  A rat (D)
15 creatures vanquished.

Vanquished Creatures (others)
  A great orb of eyes (D)
  A deep elf pyromancer (D)
  A cyclops (D)
  A yaktaur (shapeshifter) (D)
  A slime creature (shapeshifter) (D)
  A troll (D)
  2 slime creatures (D)
  A gnoll sergeant (D)
9 creatures vanquished.

Grand Total: 24 creatures vanquished

Notes
Turn   | Place    | Note
-------+----------+-------------------------------------------
     0 | D        | Zeldest the Vine Stalker Fighter began the quest for the
                  | Orb.
     0 | D        | Reached XP level 1. HP: 11/11 MP: 2/2
     7 | D        | Banished a spatial maelstrom
    13 | D        | Reached skill level 3 in Unarmed Combat
    27 | D        | Reached XP level 2. HP: 11/16 MP: 1/3
    44 | D        | Reached skill level 4 in Unarmed Combat
    44 | D        | Reached XP level 3. HP: 5/20 MP: 4/4
    60 | D        | Found a snail-covered altar of Cheibriados.
    60 | D        | Found a shadowy altar of Dithmenos.
    60 | D        | Found a white marble altar of Elyvilon.
    60 | D        | Found a blossoming altar of Fedhas.
    60 | D        | Found an opulent altar of Gozag.
    61 | D        | Found a hazy altar of Hepliaklqana.
    62 | D        | Found a viscous altar of Jiyva.
    63 | D        | Found an ancient bone altar of Kikubaaqudgha.
    64 | D        | Found a corrupted altar of Lugonu.
    65 | D        | Found a burning altar of Makhleb.
    66 | D        | Found a sparkling altar of Nemelex Xobeh.
    67 | D        | Found an iron altar of Okawaru.
    68 | D        | Found a stormy altar of Qazlal.
    69 | D        | Found a sacrificial altar of Ru.
    70 | D        | Became a worshipper of Jiyva Juqij the Shapeless
    71 | D        | Found a shimmering blue altar of Sif Muna.
    72 | D        | Found a bloodstained altar of Trog.
    72 | D        | Killed a slime creature
    72 | D        | Killed a great orb of eyes
    72 | D        | Killed a deep elf pyromancer
    73 | D        | Found a hide-covered altar of Uskayaw.
    74 | D        | Found a radiant altar of Vehumet.
    75 | D        | Found an ornate altar of the Wu Jian Council.
    75 | D        | Killed a slime creature
    76 | D        | Found a shimmering altar of Xom.
    76 | D        | Killed a yaktaur
    77 | D        | Found a basalt altar of Yredelemnul.
    78 | D        | Found a glowing silver altar of Zin.
    79 | D        | Found a glowing golden altar of the Shining One.
   172 | D        | Killed a slime creature
   208 | D        | Noticed an acid dragon
   208 | D        | Noticed a hornet
   208 | D        | Noticed a steam dragon
   208 | D        | Noticed a centaur
   208 | D        | Noticed a gnoll sergeant
   208 | D        | Noticed an acid dragon
   215 | D        | Killed an acid dragon
   216 | D        | Reached skill level 5 in Fighting
   216 | D        | Reached skill level 6 in Unarmed Combat
   216 | D        | Gained mutation: Your natural rate of healing is unusually
                  | fast. [Vine Stalker growth]
   216 | D        | Reached XP level 4. HP: 6/27 MP: 1/5
   216 | D        | Reached XP level 5. HP: 7/31 MP: 1/6
   217 | D        | Killed a steam dragon
   217 | D        | Killed a centaur
   218 | D        | Reached skill level 8 in Unarmed Combat
   218 | D        | Reached XP level 6. HP: 10/38 MP: 2/7
   218 | D        | Killed a hornet
   219 | D        | Reached skill level 9 in Unarmed Combat
   219 | D        | Reached XP level 7. HP: 13/43 MP: 2/8
   240 | D        | Noticed a troll
   240 | D        | Noticed a cyclops
   240 | D        | Noticed a centaur warrior
   240 | D        | Noticed a boulder beetle
   246 | D        | Killed a cyclops
   247 | D        | Killed a troll
   248 | D        | Reached skill level 10 in Unarmed Combat
   248 | D        | Gained mutation: You have razor-sharp teeth. [Vine Stalker
                  | growth]
   248 | D        | Reached XP level 8. HP: 20/49 MP: 5/9
   249 | D        | Shot with an arrow by a centaur warrior

Illustrated notes

Levels and vault maps discovered:
D:        linesprint [early_d, line_temple, items_1, d_10, items_2, lair_1,
          lair_end, items_3, orc_1, orc_end, items_4, d_15, swamp_1, shoals_1,
          snake_1, spider_1, d_20, vaults_1, items_5, swamp_end, shoals_end,
          snake_end, spider_end, vaults_end, d_27, items_6, zot_1, zot_end,
          crypt_end, forest_end, elf_end, slime_end, tomb_end, abyss_end,
          pan_hell_end]

Skill      XL: |  1  2  3  4  5  6  7 |
---------------+----------------------+-----
Fighting       | 3 5 7 8 9 |  9.3
Shields        | 3 |  3.7
Unarmed Combat | 3 4 6 8 9 10 | 10.3
Armour         | 3 |  3.3
Evocations     | 3 6 7 8 |  8.3

Action                   |  1- 3 |  4- 6 |  7- 9 || total
-------------------------+-------+-------+-------++-------
Melee: Unarmed           |    47 |     1 |     8 ||    56
       Bite              |    12 |       |     1 ||    13
Evoke: Wand              |       |     2 |       ||     2
  Use: Potion            |     3 |       |       ||     3
 Stab: Invisible         |     2 |     1 |     3 ||     6
Armor: Scale mail        |    11 |       |     1 ||    12
       Acid dragon scale |       |       |     1 ||     1
Dodge: Dodged            |    23 |     3 |     3 ||    29
Block: Buckler           |     4 |       |     3 ||     7

Table legend: (Time is in decaauts)
 A = Elapsed time spent in this place.
 B = Non-inter-level travel time spent in this place.
 C = Inter-level travel time spent in this place.
 D = Time resting spent in this place.
 E = Time spent auto-exploring this place.
 F = Levels seen in this place.
 G = Mean time per level.
                   A        B        C        D        E       F      G
               +--------+--------+--------+--------+--------+-----+--------+
         Total |    287 |    287 |      0 |      0 |      0 |   1 |  287.0 |
       Dungeon |    287 |    287 |      0 |      0 |      0 |   1 |  287.0 |
               +--------+--------+--------+--------+--------+-----+--------+

Top non-repeatable levels by time:
       D: 287 daAuts
